Cogmind - Beta 11 *** ADVENTURER MODE // 2022.09.17 @ 12:55:04 Player: wchar_t Result: Destroyed by B-75 Beast with Magnetic Acceleration Cannon Performance ------------- Evolutions (1) 500 Regions Visited (7) 1400 Robots Destroyed (24) 120 Value Destroyed (757) 757 Prototype IDs (5) 100 Alien Tech Used (0) 0 Bonus (1790) 1790 TOTAL SCORE: 4667 Bonus ------- Follower Combat Kills 190 Met Imprinter 300 Was Imprinted 300 Destroyed Z-Imprinter 1000 Cogmind --------- Core Integrity 0/400 Matter 162/300 Energy 100/100 System Corruption 1% Temperature Cool (12) Movement Core (700) Ox13 Location -6/Proximity Caves Parts ------- > --- POWER (1) -------- (None) > --- PROPULSION (3) --- (None) > --- UTILITY (3) ------ High-capacity Storage Unit > --- WEAPON (2) ------- (None) > --- INVENTORY (20) --- Ion Engine Heat Sink Experimental Heat Sink Phase Shifter Dynamic Insulation System Tractor Beam Autogun Autogun Improved Grenade Launcher Improved Grenade Launcher Improved Grenade Launcher Missile Launcher Guided Missile Launcher RU-N14's Throwing Claymores (10) RU-N14's Throwing Claymores (10) RU-N14's Throwing Claymores (10) Peak State ------------ > --- POWER ------------ Deuterium Engine > --- PROPULSION ------- Light Treads Light Treads Light Treads > --- UTILITY ---------- Experimental Heat Sink High-capacity Storage Unit Light Armor Plating > --- WEAPON ----------- Improved Grenade Launcher Heavy Missile Launcher > --- INVENTORY -------- Ion Engine Heat Sink Dynamic Insulation System Tractor Beam Autogun Autogun Improved Grenade Launcher Improved Grenade Launcher Improved Grenade Launcher Missile Launcher Guided Missile Launcher RU-N14's Throwing Claymores RU-N14's Throwing Claymores RU-N14's Throwing Claymores [Rating: 27] Favorites ----------- Power Deuterium Engine Engine Deuterium Engine Power Core Light Nuclear Core Propulsion Light Treads Treads Light Treads Leg Aluminum Leg Utility Light Armor Plating Device Heat Sink Storage Medium Storage Unit Protection Light Armor Plating Weapon Improved Grenade Launcher Energy Gun Improved Medium Laser Ballistic Gun Autogun Launcher Improved Grenade Launcher Special Weapon RU-N14's Throwing Claymores Build | -11 -10 -10 -9 -9 -7 -7 -6 ------- Run | Scr Mat Min Mat Min Zio Dee Pro Slots Evolved 2 | . . . 2 . . . . Power . | . . . . . . . . Propulsion 1 | . . . 1 . . . . Utility 1 | . . . 1 . . . . Weapon . | . . . . . . . . Parts Attached 39 | 8 . 3 11 . 11 6 . Power 4 | 2 . 1 . . 1 . . Engine 3 | 2 . . . . 1 . . Core 1 | . . 1 . . . . . Reactor . | . . . . . . . . Propulsion 6 | 2 . 1 3 . . . . Treads 3 | . . . 3 . . . . Leg 3 | 2 . 1 . . . . . Wheel . | . . . . . . . . Hover . | . . . . . . . . Flight . | . . . . . . . . Utility 11 | 2 . 1 2 . 4 2 . Device 5 | 1 . 1 . . 2 1 . Storage 4 | 1 . . 1 . 2 . . Processor . | . . . . . . . . Hackware . | . . . . . . . . Protection 2 | . . . 1 . . 1 . Artifact . | . . . . . . . . Weapon 18 | 2 . . 6 . 6 4 . Energy Gun 1 | . . . 1 . . . . Energy Cannon . | . . . . . . . . Ballistic Gun 7 | 2 . . 3 . . 2 . Ballistic Cannon . | . . . . . . . . Launcher 9 | . . . 2 . 5 2 . Special Weapon 1 | . . . . . 1 . . Impact Weapon . | . . . . . . . . Slashing Weapon . | . . . . . . . . Piercing Weapon . | . . . . . . . . Special Melee Weapon . | . . . . . . . . Unidentified Prototypes 5 | . . . 1 . 2 2 . Parts Lost 9 | . . 1 . . . 3 5 Power 1 | . . . . . . 1 . Propulsion 3 | . . . . . . . 3 Utility 3 | . . 1 . . . 2 . Weapon 2 | . . . . . . . 2 Highest Loss Streak 3 | . . 1 . . . 3 3 To Critical Strikes . | . . . . . . . . Average Slot Usage (%) 93 | . 100 98 92 100 99 98 52 Engine 6 | . 14 1 . . 10 10 . Core 3 | . . 12 11 11 . . . Treads 26 | . . . 25 33 33 33 19 Leg 4 | . 28 28 6 . . . . Device 8 | . 14 12 11 11 10 5 . Storage 11 | . 14 14 11 11 11 11 11 Protection 8 | . . . 5 11 11 15 . Ballistic Gun 5 | . 28 28 10 . . 6 . Launcher 16 | . . . 11 22 21 15 21 Naked Turns . | . . . . . . . . Heaviest Build 66 | 14 14 14 31 31 66 66 53 Greatest Support 60 | 20 20 20 60 60 60 60 60 Greatest Overweight (x) 17 | 1 . . 1 . 1 1 17 Average Overweight (x) . | . . . . . . . 1 Largest Inventory Capacity 20 | 8 8 8 10 10 20 20 20 Average Capacity 13 | 7 8 8 9 10 12 20 20 Most Carried 17 | 2 2 6 10 10 14 17 17 Average Carried 11 | . 1 5 9 10 10 15 17 Final Capacity 20 | 8 8 8 10 10 20 20 20 Final Carried 17 | 1 2 6 10 10 14 17 17 Class Distribution -------------------- 71% | Scavenger-Mutant 28% | Mutant Dominant Class ---------------- Mutant | -10/Materials Mutant | -10/Mines Scavenger-Mutant | -9/Materials Scavenger-Mutant | -9/Mines Scavenger-Mutant | -7/Zion Scavenger-Mutant | -7/Deep Caves Mutant | -6/Proximity Caves Resources | -11 -10 -10 -9 -9 -7 -7 -6 ----------- Run | Scr Mat Min Mat Min Zio Dee Pro Matter Collected 935 | 156 . 227 220 27 113 178 14 Remotely 184 | . . . . . 62 122 . Salvage Created 745 | 44 . 210 202 64 . 141 84 Parts 32 | 3 . 12 9 3 . 3 2 Haulers Intercepted 1 | . . . 1 . . . . Recyclers Shooed 3 | . . 3 . . . . . Parts Field Recycled . | . . . . . . . . Retrieved Matter . | . . . . . . . . Parts Self-Destructed 2 | . . . . . . . 2 Prevented 2 | . . . . . . . 2 Kills | -11 -10 -10 -9 -9 -7 -7 -6 ------- Run | Scr Mat Min Mat Min Zio Dee Pro Combat Hostiles Destroyed 21 | . . 5 3 3 . 6 4 Guns 9 | . . 5 2 . . 2 . AOE 12 | . . . 1 3 . 4 4 Classes Destroyed 11 | 1 . 3 4 . . 2 1 Tunneler 2 | 2 . . . . . . . Hauler 1 | . . . 1 . . . . Recycler 1 | . . 1 . . . . . Watcher 1 | . . . 1 . . . . Swarmer 3 | . . 3 . . . . . Grunt 7 | . . 2 1 2 . . 2 Brawler 3 | . . . 1 1 . . 1 Sentry 1 | . . . 1 . . . . Programmer 1 | . . . . . . . 1 Z-Light 3 | . . . . . . 3 . Assembled 2 | . . . . . . 2 . Best Kill Streak 3 | 2 . 3 1 3 . 3 3 Combat Bots Only 3 | . . 3 1 3 . 3 3 Max Kills in Single Turn 3 | 1 . 2 1 2 . 3 2 Gunslinging 1 | . . 1 . . . . . Exploded 3 | . . . 1 2 . 3 2 Melee . | . . . . . . . . Uniques/NPCs Destroyed 1 | . . . . . . 1 . Z-Imprinter (-7/Deep Caves) Combat | -11 -10 -10 -9 -9 -7 -7 -6 -------- Run | Scr Mat Min Mat Min Zio Dee Pro Damage Taken 1545 | . . 281 68 17 . 805 374 Core 452 | . . 42 11 9 . 207 183 Absorbed by Shields . | . . . . . . . . Redirected to Shielding 130 | . . . . . . 130 . Core Remaining (%) 91 | 100 . 83 . . . . . Volleys Fired 56 | 5 . 21 11 2 . 10 7 Largest 2 | 2 . 2 2 2 . 2 2 Hottest 75 | 40 . 40 72 72 . 46 75 Shots Fired 102 | 10 . 42 22 4 . 13 11 Gun 76 | 10 . 42 18 . . 6 . Cannon . | . . . . . . . . Launcher 26 | . . . 4 4 . 7 11 Special . | . . . . . . . . Kinetic 76 | 10 . 42 18 . . 6 . Thermal . | . . . . . . . . Explosive 26 | . . . 4 4 . 7 11 Electromagnetic . | . . . . . . . . Robot Hit Streak 14 | 5 . 9 14 9 . 12 6 Robot Miss Streak 2 | 2 . 2 1 . . 1 1 Penetration Max . | . . . . . . . . Secondary Targets 3 | . . 1 1 . . 1 . Max Gunslinging Chain 1 | . . 1 1 . . 1 . Shots Hit Robots 68 | 6 . 29 17 3 . 4 9 Core Hits 50 | 2 . 11 9 4 . 15 9 Critical Kills . | . . . . . . . . Critical Parts Destroyed . | . . . . . . . . Critical Strikes . | . . . . . . . . Melee Attacks . | . . . . . . . . Impact . | . . . . . . . . Slashing . | . . . . . . . . Piercing . | . . . . . . . . Sneak Attacks . | . . . . . . . . Combat Hostiles . | . . . . . . . . Follow-up Attacks . | . . . . . . . . Damage Inflicted 2584 | 77 . 301 354 292 . 877 683 Guns 633 | 77 . 301 201 . . 54 . Cannons . | . . . . . . . . Explosions 1951 | . . . 153 292 . 823 683 Melee . | . . . . . . . . Ramming . | . . . . . . . . Kinetic 633 | 77 . 301 201 . . 54 . Thermal . | . . . . . . . . Explosive 1951 | . . . 153 292 . 823 683 Electromagnetic . | . . . . . . . . Impact . | . . . . . . . . Slashing . | . . . . . . . . Piercing . | . . . . . . . . Highest Corruption 1 | . . . . . . . 1 Average Corruption 1 | . . . . . . . 1 Corruption Purged . | . . . . . . . . Corruption Blocked . | . . . . . . . . Effects 4 | . . . . . . . 4 Message Errors 2 | . . . . . . . 2 Heat Flow Errors 1 | . . . . . . . 1 Alerts 1 | . . . . . . . 1 Overload Shots . | . . . . . . . . Overflow Damage 28 | . . . . . . 28 . Projectiles . | . . . . . . . . Explosions 28 | . . . . . . 28 . Melee . | . . . . . . . . Knockbacks . | . . . . . . . . Impact . | . . . . . . . . Kinetic . | . . . . . . . . Secondary . | . . . . . . . . Self-Inflicted Damage 60 | . . . 20 . . . 40 Shots 4 | . . . 1 . . . 3 Rammed . | . . . . . . . . Targets Rammed . | . . . . . . . . Kicked . | . . . . . . . . Crushed . | . . . . . . . . Highest Temperature 310 | . . 24 310 2 . 27 196 Average Temperature 60 | . . 12 170 2 . 10 79 Received Heat Transfer 411 | . . 168 30 12 . 156 45 Effects 2 | . . . 2 . . . . Interference 2 | . . . 2 . . . . Siege Activations . | . . . . . . . . Robots Corrupted . | . . . . . . . . Combat Hostiles . | . . . . . . . . Parts Fried . | . . . . . . . . Impact Corruptions . | . . . . . . . . Robots Melted . | . . . . . . . . Combat Hostiles . | . . . . . . . . Parts Melted . | . . . . . . . . Heat Transferred . | . . . . . . . . Parts Sabotaged . | . . . . . . . . Parts Stolen . | . . . . . . . . Parts Stripped . | . . . . . . . . Power Chain Reactions . | . . . . . . . . Missiles Intercepted . | . . . . . . . . Alert | -11 -10 -10 -9 -9 -7 -7 -6 ------- Run | Scr Mat Min Mat Min Zio Dee Pro Peak Influence 295 | 10 5 125 295 162 . . . Initial 7 | . 5 1 . 7 . . . Average 72 | 1 5 66 109 48 . . . Maximum Alert Level 1 | . . . 1 . . . . Low Security (%) 91 | 100 100 100 73 100 . . . Level 1 8 | . . . 26 . . . . Level 2 . | . . . . . . . . Level 3 . | . . . . . . . . Level 4 . | . . . . . . . . Level 5 . | . . . . . . . . High Security . | . . . . . . . . Max Security . | . . . . . . . . Squads Dispatched 1 | . . . 1 . . . . Investigation . | . . . . . . . . Extermination . | . . . . . . . . Reinforcement 1 | . . . 1 . . . . Assault . | . . . . . . . . Garrison . | . . . . . . . . Intercept . | . . . . . . . . Searches Triggered . | . . . . . . . . Construction Impeded . | . . . . . . . . Haulers Reinforced . | . . . . . . . . Active Scanning Responses . | . . . . . . . . Cargo Convoy Interrupts . | . . . . . . . . Stealth | -11 -10 -10 -9 -9 -7 -7 -6 --------- Run | Scr Mat Min Mat Min Zio Dee Pro Distress Signals 1 | . . . 1 . . . . Communications Jammed . | . . . . . . . . Distress Signals . | . . . . . . . . Times Spotted 30 | . . 5 10 3 . 8 4 Peak Tracking Total 3 | . . 3 3 3 . 3 3 Tactical Retreats . | . . . . . . . . Traps | -11 -10 -10 -9 -9 -7 -7 -6 ------- Run | Scr Mat Min Mat Min Zio Dee Pro Traps Triggered . | . . . . . . . . Indirectly . | . . . . . . . . Trap Hack Attempts . | . . . . . . . . Triggered . | . . . . . . . . Disarmed . | . . . . . . . . Reprogrammed . | . . . . . . . . Reused . | . . . . . . . . Traps Extracted . | . . . . . . . . Installed . | . . . . . . . . Triggered 2 | . . . . . . . 2 Machines | -11 -10 -10 -9 -9 -7 -7 -6 ---------- Run | Scr Mat Min Mat Min Zio Dee Pro Machines Disabled 7 | . . 1 2 1 . 3 . Max in Single Turn 1 | . . 1 1 1 . . . Machines Sabotaged . | . . . . . . . . Garrisons Compromised . | . . . . . . . . Overloaded Fab Kills . | . . . . . . . . Hacking | -11 -10 -10 -9 -9 -7 -7 -6 --------- Run | Scr Mat Min Mat Min Zio Dee Pro Machines Accessed 2 | . . . 2 . . . . Terminals 2 | . . . 2 . . . . Fabricators . | . . . . . . . . Repair Stations . | . . . . . . . . Recycling Units . | . . . . . . . . Scanalyzers . | . . . . . . . . Garrison Access . | . . . . . . . . Total Hacks 5 | . . . 5 . . . . Successful 2 | . . . 2 . . . . Failed 3 | . . . 3 . . . . Catastrophic . | . . . . . . . . Database Lockouts . | . . . . . . . . Manual 10 | . . . 5 . 5 . . Terminals 5 | . . . 5 . . . . Fabricators . | . . . . . . . . Repair Stations . | . . . . . . . . Recycling Units . | . . . . . . . . Scanalyzers . | . . . . . . . . Garrison Access . | . . . . . . . . Terminal Hacks 2 | . . . 2 . . . . Branch Access Points 1 | . . . 1 . . . . Unreport Threat 1 | . . . 1 . . . . Fabricator Hacks . | . . . . . . . . Repair Station Hacks . | . . . . . . . . Recycling Unit Hacks . | . . . . . . . . Scanalyzer . | . . . . . . . . Garrison Access Hacks . | . . . . . . . . Unauthorized Hacks . | . . . . . . . . Terminals . | . . . . . . . . Fabricators . | . . . . . . . . Repair Stations . | . . . . . . . . Recycling Units . | . . . . . . . . Scanalyzers . | . . . . . . . . Garrison Access . | . . . . . . . . Data Cores Recovered . | . . . . . . . . Used . | . . . . . . . . Hacking Detections . | . . . . . . . . Full Trace Events . | . . . . . . . . Feedback Events . | . . . . . . . . Feedback Blocked . | . . . . . . . . Robot Schematics Acquired 3 | . . . . . 3 . . Robots Built . | . . . . . . . . Authchips . | . . . . . . . . Time . | . . . . . . . . Total Robot Build Rating . | . . . . . . . . Part Schematics Acquired 14 | . . . . . 14 . . Parts Built . | . . . . . . . . Authchips . | . . . . . . . . Time . | . . . . . . . . Total Part Build Rating . | . . . . . . . . Parts Repaired . | . . . . . . . . Time . | . . . . . . . . Parts Recycled . | . . . . . . . . Recycled Matter . | . . . . . . . . Retrieved Matter . | . . . . . . . . Retrieved Components . | . . . . . . . . Parts Scanalyzed . | . . . . . . . . Part Schematics Acquired . | . . . . . . . . Parts Damaged . | . . . . . . . . Bothacking | -11 -10 -10 -9 -9 -7 -7 -6 ------------ Run | Scr Mat Min Mat Min Zio Dee Pro Used RIF Installer . | . . . . . . . . Robots Hacked . | . . . . . . . . Non-combat . | . . . . . . . . Combat . | . . . . . . . . Robot Hacks Applied . | . . . . . . . . Relay Couplers Released . | . . . . . . . . Fabnet Peak Effective % . | . . . . . . . . Robots Rewired . | . . . . . . . . Allies Hacked . | . . . . . . . . Hacks Repelled . | . . . . . . . . Allies | -11 -10 -10 -9 -9 -7 -7 -6 -------- Run | Scr Mat Min Mat Min Zio Dee Pro Total Allies 7 | . . 2 . . 4 1 . Largest Group 4 | . . 2 2 1 4 2 . Highest-Rated Group 159 | . . 50 50 31 158 159 . Highest-Rated Ally 119 | . . 31 31 31 41 119 . Total Orders . | . . . . . . . . Ally Attacks 29 | . . . 12 . . 17 . Total Damage 2592 | . . . 253 . . 2339 . Kills 13 | . . . 5 . . 8 . Allies Corrupted . | . . . . . . . . Allies Melted . | . . . . . . . . Intel | -11 -10 -10 -9 -9 -7 -7 -6 ------- Run | Scr Mat Min Mat Min Zio Dee Pro Robot Analysis Total . | . . . . . . . . Derelict Logs Recovered 4 | . . 2 . . 1 . 1 Drone Launches . | . . . . . . . . Drone Recoveries . | . . . . . . . . Exploration | -11 -10 -10 -9 -9 -7 -7 -6 ------------- Run | Scr Mat Min Mat Min Zio Dee Pro Turns Passed 5447 | 80 71 647 467 147 2319 1080 636 Spaces Moved 2824 | 48 59 458 176 84 1247 511 241 Core 16 | 8 . . . . . . 8 Treads 2185 | . . . 110 84 1247 511 233 Legs 623 | 40 59 458 66 . . . . Wheels . | . . . . . . . . Hover . | . . . . . . . . Flight . | . . . . . . . . Fastest Speed 50 | 50 120 120 120 160 160 160 160 Average Speed 174 | 112 120 120 151 160 174 204 257 Slowest Speed 900 | 120 120 120 240 160 240 240 900 Overloaded Moves . | . . . . . . . . Propulsion Burnouts . | . . . . . . . . Robots Hopped . | . . . . . . . . Cave-ins Triggered . | . . . . . . . . Exploration Rate (%) 44 | 3 17 82 27 19 90 74 47 Regions Visited 7 Branch Regions 5 Pre-discovered Areas 2 | . . 1 . . . . 1 Known Exits Taken 1 | . . . 1 . . . . Unknown Exits Taken 6 | 1 1 1 . 1 1 1 . Scrap Searched 6 | . . 1 . . 5 . . Spaces Dug . | . . . . . . . . Terrain Destroyed 210 | . . . 43 38 . 26 103 Melee . | . . . . . . . . Projectile . | . . . . . . . . AOE 210 | . . . 43 38 . 26 103 Terrain Rammed . | . . . . . . . . Walls Destroyed . | . . . . . . . . Machines Disabled . | . . . . . . . . Actions | -11 -10 -10 -9 -9 -7 -7 -6 --------- Run | Scr Mat Min Mat Min Zio Dee Pro Total 3258 | 61 59 516 358 93 1393 530 248 Wait 298 | . . 32 146 8 112 . . Move 2817 | 47 58 457 175 83 1246 510 241 Hop . | . . . . . . . . Pick Up 15 | 1 1 2 2 . 8 1 . Fast Attach 28 | 6 . 2 9 . 9 2 . Attach 3 | 1 . . 2 . . . . Detach 13 | . . 1 8 . 2 2 . Swap 8 | 1 . 1 . . 2 4 . Drop 19 | . . . 5 . 14 . . Fire 56 | 5 . 21 11 2 . 10 7 Melee . | . . . . . . . . Ram . | . . . . . . . . Kick . | . . . . . . . . Crush . | . . . . . . . . Escape Stasis . | . . . . . . . . Rewire 1 | . . . . . . 1 . Trap . | . . . . . . . . Miscellaneous . | . . . . . . . . Route ------- -11/Scrapyard -10/Materials -10/Mines -9/Materials -9/Mines (discovered 2 exits: [*Mat] / *Zio) -7/Zion (discovered 2 exits: [*Dee] / [*Pro]) -7/Deep Caves -6/Proximity Caves History --------- Turn | Location | Event 8 | -11/Scrapyard | Discovered new exit (range 15) 81 | -11/Scrapyard | Entered Materials 113 | -10/Materials | Discovered new exit (range 8) 152 | -10/Materials | Entered Mines 174 | -10/Mines | Learned location of Recycling (-7) 197 | -10/Mines | Learned Materials garrison access intel 313 | -10/Mines | Build established: Mutant 540 | -10/Mines | Discovered new exit (range 13) 799 | -10/Mines | Entered Materials 799 | -9/Materials | Accompanied by 2 allies 799 | -9/Materials | Evolved 2 slots: Propulsion x1, Utility x1 804 | -9/Materials | Led the pair of lost Derelicts to an unsafe place 1093 | -9/Materials | Identified exit to Mines 1143 | -9/Materials | Build established: Scavenger-Mutant 1266 | -9/Materials | Entered Mines 1266 | -9/Mines | Accompanied by 1 ally 1273 | -9/Mines | Received a Rocket Launcher from a helpful Derelict 1370 | -9/Mines | Discovered new exit (range 7) 1379 | -9/Mines | A Derelict revealed a hidden shortcut to a safe place 1413 | -9/Mines | Entered Zion 1413 | -7/Zion | Accompanied by 1 ally 1463 | -7/Zion | Led the pair of lost Derelicts to a safe place 1846 | -7/Zion | Learned Factory garrison access intel 2520 | -7/Zion | Imprinted 2522 | -7/Zion | Declared Zion's savior 2963 | -7/Zion | Found Prototype Special Weapon 2963 | -7/Zion | Identified RU-N14's Throwing Claymores 2974 | -7/Zion | Found RU-N14's Throwing Claymores 2976 | -7/Zion | Found RU-N14's Throwing Claymores 2982 | -7/Zion | Found RU-N14's Throwing Claymores 3018 | -7/Zion | Discovered new exit (range 12) 3048 | -7/Zion | Found Prototype Launcher 3048 | -7/Zion | Identified Gui. Missile Launcher 3104 | -7/Zion | Acquired unknown access codes intercepted by a Zionite 3682 | -7/Zion | Opened final containment barrier to the Deep Caves 3718 | -7/Zion | Discovered new exit (range 3) 3718 | -7/Zion | Saw the warning signs outside the Deep Caves entrance 3732 | -7/Zion | Entered Deep Caves 3732 | -7/Deep Caves | Accompanied by 4 allies 3735 | -7/Deep Caves | Met 5H-AD0 4027 | -7/Deep Caves | Z-Facility disabled 4059 | -7/Deep Caves | Attacked by Z-Imprinter 4068 | -7/Deep Caves | Destroyed Z-Imprinter 4246 | -7/Deep Caves | Found Prototype Protection 4246 | -7/Deep Caves | Identified Zio. Weapon Casing 4607 | -7/Deep Caves | Discovered new exit (range 6) 4732 | -7/Deep Caves | Spotted as-00792 4759 | -7/Deep Caves | Core integrity fell below 50% 4786 | -7/Deep Caves | Lost 3 parts (1p2u) 4812 | -7/Deep Caves | Entered Proximity Caves 5044 | -6/Proximity Caves | Build established: Mutant 5195 | -6/Proximity Caves | Learned location of Extension (-6) 5387 | -6/Proximity Caves | Spotted B-75 Beast 5428 | -6/Proximity Caves | Lost 3 parts (2n1w) 5438 | -6/Proximity Caves | Core integrity fell below 20% 5448 | -6/Proximity Caves | Destroyed by B-75 Beast with Magnetic Acceleration Cannon Last Messages --------------- 04824_ P-60 Hacker destroyed. 04825_ The unstable cave ceiling collapses. 05021_ System corrupted: IFF burst signal emitted. 05084_ O FL#,V JY6UIVPAZMA>E#DMIDN8GJ8Q 05101_ 5Y1ZBPY U0VWW=F4 V BU 05195_ Acquired derelict log, extracted data. World map updated: -6/Extension. 05267_ System corrupted: Heat flow error (+222). 05276_ G-50 Soldier destroyed. 05282_ Lgt. Treads fries itself beyond repair. 05284_ The unstable cave ceiling collapses. 05303_ Acquired 8 matter. 05316_ The unstable cave ceiling collapses. 05388_ Lgt. Treads destroyed. 05388_ Knocked back. 05389_ Acquired 4 matter. 05397_ Hvy. Missile Launcher destroyed. 05404_ Knocked back. 05438_ Acquired 2 matter. 05445_ Imp. Grenade Launcher destroyed. Map ----- +----------------------------------------------------+ | ???? ??# #??????????????????????????????? | | ??? ???## ##??????????????????????????????? | | ??? ?????## #####???????????????????????????????? | | ??????????# #???????????????????????????????????? | | ??????????# #???????????????????????????????????? | | ??????????# #???????????????????????????????????? | | ??????????# #???????????????????????????????????? | | ??????????# #???????????????????????????????????? | | ??????????# #####???????????????????????????????? | | ??????????# ## #???????????????????????????????? | | ??????????# ##??####??????#########?????????? | | ??????????## #### ####??## ##????????? | | ???????????#### ## #??# ###??????? | | ????????????### #?## ##?????? | | ???????????## ### #?????? | | ???????????# ## #?????? | | ???????????# ### BB #?????? | | ????????? #?## BB #?????? | | ????????# ### ; ??? | | ??????? ;; ###???????? ?? | | ?????? ; ###???????????????? | | ?????###### ## ### ;; #??????????????????? | | ??????????## #?# ##; #;#???????????????????? | | ???????????# ??# ##???????????????????? | | ???????????# ???# #???????????????????? | | ???????????# ???### @ #???????????????????? | | ???????????#??????## %#???????????????????? | | ???????????????????## %##???????????????????? | | ????????????????????# ####????????????????????? | | ????????????????????# ????????????????????????? | | ????????????????????# ????????????????????????? | | ????????????????????# ????????????????????????? | | ????????????????????# ????????????????????????? | | ????????????????????# ????????????????????????? | | ???????????????????? #????????????????????????? | | ??????????????????? #?????????????????????????? | | ??????????????????? ###??????????????????????????? | | ??????????????????? ?????????????????????????????? | | ?????????????????? ??????????????????????????????? | | ?????????????????????????????????????????????????? | | ?????????????????????????????????????????????????? | | ?????????????????????????????????????????????????? | | ?????????????????????????????????????????????????? | | ?????????????????????????????????????????????????? | | ?????????????????????????????????????????????????? | | ?????????????????????????????????????????????????? | | ?????????????????????????????????????????????????? | | ?????????????????????????????????????????????????? | | ?????????????????????????????????????????????????? | | ?????????????????????????????????????????????????? | +----------------------------------------------------+ Best States ------------- Heat Dissipation 54 Energy Generation 14 Energy Capacity 275 Matter Stores 300 Matter Capacity 300 Sight Range 16 Terrain Scan Density 10 Armor Coverage 150 Resistance: KI 20 Resistance: TH 20 Resistance: EX 20 Resistance: EM 20 Resistance: I 20 Resistance: S 20 Resistance: P 20 Weapon Shielding 100 Evasion (%) 55 Recoil Reduction 3 Offensive Hacking 10 Item Schematics ----------------- Beamcaster | -7/Zion | Archive Armor Integrity Analyzer | -7/Zion | Archive Arm. Huge Wheel | -7/Zion | Archive Adv. Signal Interpreter | -7/Zion | Archive Enh. Gauss Cannon | -7/Zion | Archive Adv. ECM Suite | -7/Zion | Archive Imp. Heavy Armor Plating | -7/Zion | Archive Mak. Hammer | -7/Zion | Archive Hpw. Shock Rifle | -7/Zion | Archive Adv. Terrain Scan Processor | -7/Zion | Archive Mak. Transmission Jammer | -7/Zion | Archive Hrd. Heavy Armor Plating | -7/Zion | Archive Plasma Rifle | -7/Zion | Archive Arm. Medium Treads | -7/Zion | Archive Robot Schematics ------------------ B-48 Gladiator | -7/Zion | Archive G-47 Trooper | -7/Zion | Archive R-06 Scavenger | -7/Zion | Archive Fabricated ------------ Nothing Alien Tech Used ----------------- None Achievements -------------- Adventurer Are We The Baddies? Signs Are For Wimps The One Challenges ------------ None Game ------ Seed DroneLatentMaul Manual? 0 Play Time 00:43:50 Cumulative 11.8 hours Start 2022.09.15 @ 20:07:26 End 2022.09.17 @ 12:55:04 Sessions 11 Manual Loads 0 Difficulty Adventurer Special Mode None Game No. 7 Rogue 0 Adventurer 7 Explorer 0 Win Type - Total 0 Types 0/0/0/0/0/0/0/0/0 Lore% 16 Gallery% 15 Achievement% 17 Wizard Run 0 Options --------- ASCII 1 Keyboard 0 Movement Vi Keybinds 0 Fullscreen 1 Font 18/CogWide Map View 76x50 Tactical HUD 1 Map Filters NONE Filters NONE Steam 0 RUN: e64670af-671e-4c91-8d29-843abbf6a33e